 Dungeon Crawl Stone Soup version 0.26-a0-259-g1effd001a9 (webtiles) character file.

Game seed: 10545303031884585630

42 raph the Charmwright (level 3, -2/27 HPs)
             Began as a Merfolk Skald on July 16, 2020.
             Slain by a hobgoblin
             ... wielding a +0 club
             ... led by Robin
              (4 damage)
             ... on level 2 of the Dungeon.
             The game lasted 00:03:13 (2109 turns).

raph the Charmwright (Merfolk Skald)                Turns: 2109, Time: 00:03:14

Health: -2/27      AC:  4    Str: 11    XL:     3   Next: 54%
Magic:  1/6        EV: 12    Int: 13    God:
Gold:   85         SH:  0    Dex: 13    Spells: 3/6 levels left

rFire    . . .     SeeInvis .   a - +0 spear
rCold    . . .     Faith    .   (no shield)
rNeg     . . .     Spirit   .   b - +0 leather armour
rPois    .         Reflect  .   k - +0 helmet
rElec    .         Harm     .   (no cloak)
rCorr    .                      (no gloves)
MR       .....                  (no boots)
Stlth    +.........             (no amulet)
HPRegen  0.09/turn              (no ring)
MPRegen  0.10/turn              (no ring)

@: infused
A: change form in water, swift swim, stealthy swim
a: no special abilities


You were on level 2 of the Dungeon.
You were not hungry.

You visited 1 branch of the dungeon, and saw 2 of its levels.

You collected 85 gold pieces.

Inventory:

Hand Weapons
 a - a +0 spear (weapon)
Missiles
 l - 15 poisoned darts (quivered)
Armour
 b - a +0 leather armour (worn)
 k - a +0 helmet (worn)
Scrolls
 c - 2 scrolls of teleportation {unknown}
 e - 2 scrolls of identify {unknown}
 j - a scroll of fog {unknown}
Potions
 f - a potion of degeneration {unknown}
 g - a potion of haste {unknown}
 h - a potion of curing {unknown}
Comestibles
 d - 13 rations


   Skills:
 - Level 2.1 Fighting
 + Level 4.0 Polearms
 - Level 0.6 Armour
 - Level 2.6 Dodging
 - Level 2.0 Spellcasting
 * Level 4.4 Charms


You had 3 spell levels left.
You knew the following spells:

 Your Spells              Type           Power        Failure   Level
a - Infusion              Chrm           ##..         5%          1
b - Song of Slaying       Chrm           ##......     9%          2

Your spell library contained the following spells:

 Spells                   Type           Power        Failure   Level
 Shroud of Golubria       Chrm/Tloc      #.....       21%         2
 Ozocubu's Armour         Chrm/Ice       #.......     38%         3
 Spectral Weapon          Hex/Chrm       #.......     38%         3


Dungeon Overview and Level Annotations

Branches:
Dungeon (2/15)

Altars:

Annotations:
D:2 Robin


Message History

The hobgoblin hits you with a +0 club.
Robin drinks a potion.
Robin is healed!
You hit Robin.
Robin is lightly wounded.
Robin throws the goblin at you! The hobgoblin barely misses you.
The goblin hits you with a +0 club.
You are too injured to fight recklessly!
You are too injured to fight recklessly!
You hit the goblin.
The goblin is severely wounded.
Robin hits you with a cursed -3 club.
* * * LOW HITPOINT WARNING * * *
The hobgoblin closely misses you.
You barely miss the goblin.
The goblin is severely wounded.
The goblin barely misses you. The goblin hits you with a +0 club.
* * * LOW HITPOINT WARNING * * *
Robin throws the goblin at you!
* * * LOW HITPOINT WARNING * * *
The hobgoblin hits you with a +0 club.
You die...

. ...##.#.#.. #.# .
...#.#.#.# #.# #
#.#.. #.# #.#
####...###.# #.#
..#...)<#.# #.#
#.#...###.#####.#
###.#.........[...#
#..)gg..###.#######
#..g@#.>.......
#..gg######.##..
#...g# #.. ...
#...g# ### ..
#....# . #....#
#...(# #.%..#


You could see Robin, 2 hobgoblins and 4 goblins.

Vanquished Creatures
  An ooze (D:2)
  A dart slug (D:2)
  A giant cockroach (D:1)
  8 goblins
  4 hobgoblins
  4 jackals (D:2)
  2 kobolds
  2 quokkas (D:2)
  A ball python (D:1)
  A bat (D:2)
  2 frilled lizards
  4 rats
31 creatures vanquished.

Notes
Turn   | Place    | Note
-------+----------+-------------------------------------------
     0 | D:1      | raph the Merfolk Skald began the quest for the Orb.
     0 | D:1      | Reached XP level 1. HP: 16/16 MP: 3/3
   534 | D:1      | Reached XP level 2. HP: 22/22 MP: 1/5
   666 | D:1      | Learned a level 2 spell: Song of Slaying
  1131 | D:2      | Noticed Robin
  1527 | D:2      | Reached XP level 3. HP: 27/27 MP: 1/6
  2109 | D:2      | Slain by a hobgoblin

Illustrated notes

Levels and vault maps discovered:
D:1:      lightli_arrival_quake, layout_basic, minmay_pentomino_p2
D:2:      layout_basic, grunt_temple_overflow_order_and_chaos_2,
          lemuel_crystal_altar, first_ration, tgw_xom, uniq_robin

Skill      XL: |  1  2  3 |
---------------+----------+-----
Charms         | 4 |  4.4
Polearms       | 4 |  4.0
Fighting       | |  2.1
Armour         | |  0.6
Dodging        | |  2.6
Spellcasting   | |  2.0

Action                   || total
-------------------------++-------
Melee: Spear             ||   137
Throw: Throwing net      ||     1
 Cast: Infusion          ||    14
       Song of Slaying   ||     2
 Stab: Sleeping          ||     1
  Eat: Ration            ||     1
Armor: Leather armour    ||    27
Dodge: Dodged            ||    72

Table legend:
 A = Non-vault XP
 B = Vault XP
 C = Vault XP percentage of total XP
 D = Non-vault monster count
 E = Vault monster count
 F = Vault count percentage of total count
                 A         B        C        D         E       F
            +---------+---------+-------+---------+---------+-------
      Total |      48 |      12 |  20.0 |      25 |       6 |  19.4
            +---------+---------+-------+---------+---------+-------
        D:1 |      11 |       8 |  42.1 |       7 |       4 |  36.4
        D:2 |      37 |       4 |   9.8 |      18 |       2 |  10.0
            +---------+---------+-------+---------+---------+-------
